 Dungeon Crawl Stone Soup version 0.28-a0-983-g1de4e0787c (webtiles) character file.

Game seed: 7838946039776769586

9982 BinkBink the Grappler (level 11, -7/97 HPs)
             Began as a Troll Transmuter on Dec 3, 2021.
             Was a Believer of Ashenzari.
             Mangled by a seven-headed hydra (10 damage)
             ... on level 11 of the Dungeon.
             The game lasted 00:28:00 (9650 turns).

BinkBink the Grappler (Troll Transmuter)            Turns: 9650, Time: 00:28:01

Health: -7/97      AC:  2    Str: 20    XL:     11   Next: 30%
Magic:  18/18      EV: 22    Int: 15    God:    Ashenzari [**....]
Gold:   714        SH:  0    Dex: 19    Spells: 11/21 levels left

rFire   . . .      SeeInvis +     - Unarmed
rCold   . . .      Faith    .   (shield currently unavailable)
rNeg    . . .      Spirit   .   (armour currently unavailable)
rPois   x          Reflect  .   (helmet currently unavailable)
rElec   .          Harm     .   (cloak currently unavailable)
rCorr   .          Rampage  .   (gloves unavailable)
Will    +....                   (boots unavailable)
Stlth   ++........              (no amulet)
HPRegen 1.06/turn               c - ring of the Profound Sorrow {Int+6, Evo, Alch} (curse)
MPRegen 0.16/turn               x - ring "Overhang to Understand" {Will+, Alch, Evo} (curse)

@: about to teleport, spider-form (expiring), studying Maces & Flails
A: venomous fangs, tiny, unfitting armour, (claws 3), regeneration 1, (shaggy
fur 1), (tough skin 1)
a: End Transformation, Renounce Religion, Curse Item, Shatter the Chains


You were on level 11 of the Dungeon.
You worshipped Ashenzari.
Ashenzari was pleased with you.
You were a venomous arachnid creature.
You visited 1 branch of the dungeon, and saw 11 of its levels.

You collected 714 gold pieces.

Inventory:

Armour
 a - a +0 robe (melded)
 z - a +2 cloak (melded)
 C - the cursed +2 hat of the Clairvoyant God (melded) {Self, Elem}
   (You took it off Gastronok on level 8 of the Dungeon)

   It has a curse which improves the following skills: Introspection: Fighting
   and Spellcasting.
   Elements:  Fire Magic, Ice Magic, Air Magic and Earth Magic.
Jewellery
 c - the cursed ring of the Profound Sorrow (left front leg) {Int+6, Evo, Alch}
   (You found it on level 1 of the Dungeon)

   [ring of intelligence]

   Int:       It affects your intelligence (+6).
   It has a curse which improves the following skills: Evocations: Evocations.
   Alchemy:   Poison Magic and Transmutations.
 x - the cursed ring "Overhang to Understand" (right front leg) {Will+, Alch, Evo}
   (You found it on level 6 of the Dungeon)

   [ring of willpower]

   Will:      It increases your willpower.
   It has a curse which improves the following skills: Alchemy: Poison Magic and
   Transmutations.
   Evocations: Evocations.
Wands
 l - a wand of flame (17)
 r - a wand of iceblast (10)
 u - a wand of digging (4)
 A - a wand of paralysis (16)
 B - a wand of acid (4)
Scrolls
 b - 2 scrolls of vulnerability
 d - 2 scrolls of amnesia
 e - a scroll of magic mapping
 h - 13 scrolls of identify
 o - 3 scrolls of holy word
 p - 4 scrolls of teleportation
 q - 2 scrolls of immolation
 s - 2 scrolls of enchant weapon
 v - a scroll of acquirement
 y - 2 scrolls of enchant armour
Potions
 f - a potion of resistance
 g - a potion of cancellation
 i - a potion of attraction
 k - a potion of magic
 m - 9 potions of curing
 n - 2 potions of ambrosia
 t - a potion of flight
 w - 2 potions of brilliance


   Skills:
 + Level 3.1 Fighting
 + Level 4.5 Dodging
 - Level 0.9 Stealth
 + Level 10.0 Unarmed Combat
 + Level 5.9 Spellcasting
 + Level 6.8(9.1) Transmutations
 - Level 4.0(6.1) Poison Magic


You had 11 spell levels left.
You knew the following spells:

 Your Spells              Type           Power      Damage    Failure   Level
a - Beastly Appendage     Tmut           64%        N/A       3%          1
b - Wereblood             Tmut           32%        N/A       3%          2
c - Spider Form           Tmut/Pois      27%        N/A       8%          3
d - Ice Form              Ice/Tmut       18%        N/A       43%         4

Your spell library contained the following spells:

 Spells                   Type           Power      Damage    Failure   Level
 Poisonous Vapours        Pois/Air       26%        N/A       17%         2
 Olgreb's Toxic Radiance  Pois           22%        N/A       28%         4
 Summon Small Mammal      Summ           16%        N/A       34%         1
 Corpse Rot               Necr/Air       8%         N/A       43%         2
 Call Canine Familiar     Summ           4%         N/A       63%         3
 Ozocubu's Armour         Ice            4%         N/A       63%         3
 Summon Guardian Golem    Hex/Summ       4%         N/A       63%         3
 Iskenderun's Battlesphe  Conj           4%         2d6       99%         5
 Metabolic Englaciation   Hex/Ice        2%         N/A       99%         5
 Iron Shot                Conj/Erth      2%         9d2       100%        6
 Simulacrum               Ice/Necr       2%         N/A       100%        6
 Ozocubu's Refrigeration  Ice            2%         4d5       100%        7
 Spellforged Servitor     Conj/Summ      2%         N/A       100%        7
 Ignition                 Fire           2%         3d3       100%        8


Dungeon Overview and Level Annotations

Branches:
Dungeon (11/15)            Temple (0/1) D:7            Lair (0/6) D:10
    Orc (0/2) D:10

Altars:
Ashenzari
Dithmenos
Elyvilon
Hepliaklqana
Kikubaaqudgha
Sif Muna
Trog
Uskayaw
Vehumet
Xom
Yredelemnul
The Shining One

Shops:
D:1 [   D:2 ?   D:7 !   D:9 (


Innate Abilities, Weirdness & Mutations

You are a venomous arachnid creature.
You have poisonous fangs.
You are tiny and dextrous.
Your spellcasting is less reliable in this form.
Your armour is entirely melded.
You are incapable of wielding weapons or throwing items.
You are too large for most types of armour.
((You have claws for hands.))
Your natural rate of healing is unusually fast.
((You are covered in fur. (AC +1)))
((You have tough skin. (AC +1)))


Message History

Your +2 cloak melds into your body.
The cursed +2 hat of the Clairvoyant God {Self, Elem} melds into your body.
Your +0 robe melds into your body.
A seven-headed hydra comes into view.
The two-headed ogre shouts in stereo!
The seven-headed hydra roars!
A boulder beetle comes into view.
The two-headed ogre misses you.
The two-headed ogre hits you with a +0 giant club!!
The seven-headed hydra bites you! The seven-headed hydra bites you. x2
The seven-headed hydra misses you. The seven-headed hydra bites you!
The seven-headed hydra completely misses you.
The seven-headed hydra misses you.
The boulder beetle leaps!
Found a stone staircase leading down.
Found 21 stones and a staff of fire.
Your primal bloodlust is almost over.
Your transformation is almost over.
The boulder beetle curls into a ball and begins rolling!
As you read the scroll of teleportation, it crumbles to dust.
You feel strangely unstable. The boulder beetle hits you!!!
The boulder beetle stops rolling and uncurls.
The seven-headed hydra bites you!
* * * LOW HITPOINT WARNING * * *
The seven-headed hydra completely misses you.
The seven-headed hydra closely misses you.
The seven-headed hydra barely misses you.
The seven-headed hydra bites you.
* * * LOW HITPOINT WARNING * * *
The seven-headed hydra closely misses you.
The seven-headed hydra misses you.
Okay, then.
As you read the scroll of fog, it crumbles to dust.
The scroll dissolves into smoke.
Your primal bloodlust has ended.
The boulder beetle misses you. The seven-headed hydra bites you!
* * * LOW HITPOINT WARNING * * *
The seven-headed hydra misses you.
The seven-headed hydra completely misses you.
The seven-headed hydra bites you!
You die...

#.## #........# ...##
##.......|#
*#...####......(..#
#####..#.O.####.####
.........### #...# ,
######.## ###.# , #.##
######.#
#####.§###§...<.## ,
.......ODsB§......##
*#......####§.......##
######..##..........#
##..#....<.....#
#....$.......#
###..........#
#..........#
##........##
*#.$......#


You could see a boulder beetle, a seven-headed hydra and a two-headed ogre.

Vanquished Creatures
  Gastronok (D:8)
  A two-headed ogre (D:10)
  A kobold demonologist (D:9)
  A troll (D:10)
  Grinder (D:3)
  13 yaks
  2 wyverns (D:10)
  A basilisk (D:10)
  Grum (D:8)
  A steam dragon (D:6)
  An acid dragon (D:9)
  Menkaure (D:5)
  Duvessa (D:5)
  2 water moccasins (D:10)
  4 black bears
  2 orc warriors (D:7)
  A sky beast (D:5)
  2 ice beasts (D:7)
  2 necrophages
  5 wolves
  3 ogres
  3 centaurs
  3 kobold brigands
  4 bullfrogs
  A gnoll sergeant (D:10)
  5 scorpions
  A wyvern skeleton (D:7)
  Dowan (D:5)
  4 killer bees
  3 howler monkeys
  4 wights (D:9)
  3 centaur zombies
  5 hounds
  3 jellies
  A gnoll shaman (D:8)
  3 orc priests
  A centaur skeleton (D:6)
  A bullfrog skeleton (D:7)
  4 iguanas
  7 orc wizards
  A killer bee zombie (D:5)
  2 hound skeletons
  A howler monkey zombie (D:10)
  9 gnolls
  6 adders
  3 white imps
  2 adder skeletons (D:4)
  2 worms
  3 dart slugs
  28 orcs
  A bat (D:2)
  7 endoplasms
  3 giant cockroaches
  3 goblins
  7 hobgoblins
  2 quokkas
  12 ball pythons
  6 frilled lizards
  20 kobolds
  6 rats
228 creatures vanquished.

Vanquished Creatures (others)
  A killer bee (D:9)
  2 fungi (D:10)
  7 plants (D:10)
10 creatures vanquished.

Grand Total: 238 creatures vanquished

Notes
Turn   | Place    | Note
-------+----------+-------------------------------------------
     0 | D:1      | BinkBink the Troll Transmuter began the quest for the Orb.
     0 | D:1      | Reached XP level 1. HP: 18/18 MP: 1/1
    75 | D:1      | Found a faded altar of an unknown god.
   107 | D:1      | Prayed at the altar of an unknown god.
   107 | D:1      | Became a worshipper of Ashenzari the Shackled
   253 | D:1      | Found Poteg's Armour Boutique.
   261 | D:1      | Reached XP level 2. HP: 26/26 MP: 0/2
   659 | D:2      | Reached XP level 3. HP: 29/32 MP: 2/4
   844 | D:2      | Found a hazy altar of Hepliaklqana.
   966 | D:2      | Found Nynkin's Magic Scroll Boutique.
  1016 | D:2      | Reached skill level 4 in Unarmed Combat
  1291 | D:3      | Reached XP level 4. HP: 29/40 MP: 3/5
  1582 | D:3      | Noticed an ogre
  1587 | D:3      | Killed an ogre
  1588 | D:3      | Reached skill level 1 in Fighting
  1588 | D:3      | Reached XP level 5. HP: 48/48 MP: 4/7
  1591 | D:3      | Learned a level 2 spell: Wereblood
  1836 | D:3      | Noticed Grinder
  1846 | D:3      | Paralysed by Grinder for 4 turns
  1898 | D:3      | Killed Grinder
  1899 | D:3      | Reached XP level 6. HP: 45/55 MP: 5/8
  2405 | D:4      | Reached skill level 5 in Unarmed Combat
  2503 | D:4      | Reached XP level 7. HP: 56/62 MP: 6/10
  2664 | D:5      | Entered Level 5 of the Dungeon
  3495 | D:5      | Reached XP level 8. HP: 65/70 MP: 8/12
  3665 | D:5      | Noticed Menkaure
  3672 | D:5      | Killed Menkaure
  3673 | D:5      | Reached skill level 6 in Unarmed Combat
  4205 | D:5      | Noticed Duvessa
  4205 | D:5      | Noticed Dowan
  4218 | D:5      | Killed Duvessa
  4231 | D:5      | Killed Dowan
  4305 | D:6      | Reached XP level 9. HP: 68/79 MP: 12/14
  4633 | D:6      | Reached skill level 7 in Unarmed Combat
  4696 | D:6      | Learned a level 3 spell: Spider Form
  4939 | D:6      | Reached skill level 5 in Transmutations
  5485 | D:7      | Reached skill level 1 in Poison Magic
  5539 | D:7      | Reached * piety under Ashenzari
  5539 | D:7      | Identified a scroll of acquirement
  5641 | D:7      | Found Mithraipt's Distillery.
  5875 | D:7      | Found a staircase to the Ecumenical Temple.
  5886 | D:7      | Found a basalt altar of Yredelemnul.
  5913 | D:7      | Found a glowing golden altar of the Shining One.
  5915 | D:7      | Noticed an angel
  6038 | D:7      | Found a shimmering altar of Xom.
  6333 | D:8      | Reached skill level 5 in Spellcasting
  6342 | D:8      | Found an ancient bone altar of Kikubaaqudgha.
  6465 | D:8      | Noticed Gastronok
  6474 | D:8      | Killed Gastronok
  6475 | D:8      | Reached skill level 8 in Unarmed Combat
  6475 | D:8      | Reached XP level 10. HP: 44/87 MP: 14/16
  6566 | D:8      | Found a white marble altar of Elyvilon.
  6666 | D:8      | Found a shimmering blue altar of Sif Muna.
  6692 | D:8      | Noticed Grum
  6702 | D:8      | Killed Grum
  6845 | D:9      | Found Soss's Weapon Shoppe.
  7241 | D:9      | Found a bloodstained altar of Trog.
  7525 | D:9      | Found a shadowy altar of Dithmenos.
  7693 | D:9      | Noticed a sun demon
  7721 | D:9      | Reached ** piety under Ashenzari
  7873 | D:9      | Identified the cursed +2 hat of the Clairvoyant God {Self,
                  | Elem} (You took it off Gastronok on level 8 of the Dungeon)
  8174 | D:10     | Entered Level 10 of the Dungeon
  8174 | D:10     | Found a staircase to the Orcish Mines.
  8238 | D:10     | Reached skill level 9 in Unarmed Combat
  8325 | D:10     | Found a staircase to the Lair.
  8456 | D:10     | Found a radiant altar of Vehumet.
  8467 | D:10     | Reached XP level 11. HP: 80/97 MP: 15/18
  8543 | D:10     | Learned a level 4 spell: Ice Form
  8946 | D:10     | Noticed a two-headed ogre
  9067 | D:10     | Killed a two-headed ogre
  9181 | D:10     | Found a hide-covered altar of Uskayaw.
  9229 | D:10     | Reached skill level 10 in Unarmed Combat
  9617 | D:11     | Noticed a two-headed ogre
  9620 | D:11     | Noticed a seven-headed hydra
  9620 | D:11     | Noticed a boulder beetle
  9650 | D:11     | HP: 3/97 [seven-headed hydra (14)]
  9650 | D:11     | Mangled by a seven-headed hydra

Illustrated notes

Levels and vault maps discovered:
D:1:      lemuel_arrival_behind_the_door_small, layout_rooms, serial_shops,
          nicolae_shop_waterfront, hellmonk_ecumenical_altar_crossroads
D:2:      layout_basic, basic_altar, serial_shops, nicolae_shop_hallway_plus
D:3:      layout_basic, hangedman_decor_growths, uniq_grinder
D:4:      layout_loops_ring, chequers_serial_rivers_large_a, minmay_bisected
D:5:      layout_basic, minmay_manual_monstrance, uniq_menkaure, uniq_duvessa
D:6:      layout_gridville, minmay_misc_feat_columns, grunt_ministairs_6
D:7:      layout_rooms, grunt_temple_overflow_holy_war, old_standard_altar,
          serial_shops, shop, grunt_ministairs_1, chequers_mini_garden
D:8:      layout_gridville, kiku_gazebo_pond_becter,
          mainiacjoe_overflow_alcove_4, elyvilon_altar_3, uniq_gastronok,
          uniq_grum
D:9:      layout_grid_maze, lemuel_coloured_pillars_altar,
          mainiacjoe_overflow_paths, serial_shops, nicolae_take_the_stairs,
          lemuel_old_faithful
D:10:     layout_loops_corners, mainiacjoe_overflow_tiny_flanked,
          mainiacjoe_overflow_alcove_1, minmay_lair_entry_grove, orc_0_dummy
D:11:     layout_rooms, nicolae_figureground_pulse

Skill      XL: |  1  2  3  4  5  6  7  8  9 10 11 |
---------------+----------------------------------+-----
Unarmed Combat | 4 5 6 8 9 10 | 10.0
Transmutations | 2 3 4 5 6 |  6.8
Fighting       | 1 2 3 |  3.1
Dodging        | 2 3 4 |  4.5
Spellcasting   | 2 3 4 5 |  5.9
Poison Magic   | 2 3 4 |  4.0
Stealth        | |  0.9

Action                   |  1- 3 |  4- 6 |  7- 9 | 10-12 || total
-------------------------+-------+-------+-------+-------++-------
Melee: Unarmed           |    71 |    77 |   239 |   250 ||   637
       Kick              |    12 |    12 |    65 |    52 ||   141
       Headbutt          |     4 |     5 |    45 |    46 ||   100
       Punch             |     1 |     2 |    10 |     8 ||    21
 Cast: Beastly Appendage |    25 |    18 |    53 |    20 ||   116
       Wereblood         |       |    11 |    44 |    24 ||    79
       Spider Form       |       |       |       |     8 ||     8
Invok: Curse Item        |       |       |     2 |     1 ||     3
  Use: Scroll            |       |       |       |     9 ||     9
       Potion            |       |       |       |     5 ||     5
 Stab: Sleeping          |       |       |     1 |       ||     1
Armor: Robe              |    23 |    18 |    48 |    43 ||   132
       Skin              |       |       |       |     1 ||     1
Dodge: Dodged            |    27 |    23 |   103 |   187 ||   340

Table legend: (Time is in decaauts)
 A = Elapsed time spent in this place.
 B = Non-inter-level travel time spent in this place.
 C = Inter-level travel time spent in this place.
 D = Time resting spent in this place.
 E = Time spent auto-exploring this place.
 F = Levels seen in this place.
 G = Mean time per level.
                   A        B        C        D        E       F      G
               +--------+--------+--------+--------+--------+-----+--------+
         Total |   9572 |   9229 |    343 |      0 |   7353 |  11 |  870.2 |
       Dungeon |   9572 |   9229 |    343 |      0 |   7353 |  11 |  870.2 |
               +--------+--------+--------+--------+--------+-----+--------+

Top non-repeatable levels by time:
    D:10: 1416 daAuts
     D:9: 1225 daAuts
     D:6: 1221 daAuts
     D:3: 1090 daAuts
     D:4: 1009 daAuts
     D:5: 898 daAuts
     D:2: 767 daAuts
     D:7: 713 daAuts
     D:8: 683 daAuts
     D:1: 512 daAuts
    D:11: 35 daAuts
